 Dungeon Crawl Stone Soup version 0.27.1 (webtiles) character file.

Game seed: 14829142943480275553

333 ZARRMARR the Magician (level 6, 0/32 HPs)
             Began as a Deep Elf Air Elementalist on Sept 1, 2021.
             Was an Initiate of Ru.
             Slain by a sky beast (4 damage)
             ... on level 6 of the Dungeon.
             The game lasted 00:14:41 (5340 turns).

ZARRMARR the Magician (Deep Elf Air Elementalist)   Turns: 5340, Time: 00:14:42

Health: 0/32       AC:  3    Str:  5    XL:     6   Next: 27%
Magic:  15/16      EV: 13    Int: 22    God:    Ru [......]
Gold:   177        SH:  0    Dex: 15    Spells: 12/16 levels left

rFire    . . .     SeeInvis .   (no weapon)
rCold    . . .     Faith    .   (no shield)
rNeg     . . .     Spirit   .   a - +0 robe
rPois    .         Reflect  .   (no helmet)
rElec    .         Harm     .   (no cloak)
rCorr    .         Rampage  .   (no gloves)
Will     .....                  e - +0 pair of boots
Stlth    +++.......             (no amulet)
HPRegen  0.10/turn              (no ring)
MPRegen  0.15/turn              (no ring)

@: hasted, very quick
A: no striking features
a: Renounce Religion


You were on level 6 of the Dungeon.
You worshipped Ru.
Ru was noncommittal.
You visited 1 branch of the dungeon, and saw 6 of its levels.

You collected 177 gold pieces.

Inventory:

Missiles
 i - 16 arrows
Armour
 a - a +0 robe (worn)
 e - a +0 pair of boots (worn)
Potions
 b - 3 potions of magic
 c - a potion of ambrosia {unknown}
 d - a potion of curing
 f - 2 potions of haste
 h - a potion of resistance {unknown}


   Skills:
 * Level 4.0 Dodging
 * Level 4.0 Stealth
 + Level 5.7 Spellcasting
 - Level 1.1 Conjurations
 + Level 4.6 Air Magic


You had 12 spell levels left.
You knew the following spells:

 Your Spells              Type           Power      Damage    Failure   Level
a - Shock                 Conj/Air       76%        1d7       2%          1
b - Swiftness             Air            26%        N/A       4%          3

Your spell library contained the following spells:

 Spells                   Type           Power      Damage    Failure   Level
 Static Discharge         Conj/Air       19%        N/A       4%          2
 Airstrike                Air            13%        N/A       14%         4
 Gell's Gravitas          Tloc           3%         N/A       28%         3
 Lesser Beckoning         Tloc           3%         N/A       28%         3
 Teleport Other           Tloc           6%         N/A       28%         3


Dungeon Overview and Level Annotations

Branches:
Dungeon (5/15)
 Temple: D:4-7

Altars:
Ru
Wu Jian


Message History

Press: ? - help, Q - select action, (/) - cycle Shift-Dir - straight line, f - you That beam is likely to hit you.
Continue anyway?
Okay, then.
Casting: Shock (safe; 3% risk of failure)
Confirm with . or Enter, or press ? or * to list all spells.
Okay, then.
The sky beast flickers out of sight!
Deactivating autopickup; reactivate with Ctrl-A.
Found a helmet.
You feel sluggish.
An adder comes into view.
You start to feel a little faster.
Something completely misses you.
You no longer feel sluggish.
Found 29 stones.
Something hits you. Something shocks you.
A sky beast appears from thin air!
Reactivating autopickup.
You open the door.
An orc comes into view. It is wielding a +0 club.
The orc shouts!
As you read the scroll labelled AZEBLAWNOY, it crumbles to dust.
It is a scroll of identify.
b - 3 potions of magic The sky beast hits you.
The sky beast shocks you.
* * * LOW HITPOINT WARNING * * *
It was a potion of curing.
You feel better.
The sky beast hits you but does no damage.
The orc barely misses you.
Aiming: Shock (safe; 3% risk of failure)
Press: ? - help, Q - select action, (/) - cycle Shift-Dir - straight line The zap hits the orc.
The orc is heavily wounded.
The zap hits the orc.
You kill the orc!
The sky beast hits you.
* * * LOW HITPOINT WARNING * * *
The sky beast shocks you.
* * * LOW HITPOINT WARNING * * *
It was a potion of haste.
You feel yourself speed up. The sky beast hits you.
You die...

... #................##
(.###............#.....
#........[......#.#...
#...........#####.#...
#......##########.#...
##.....# #..).......
..##.....#####......###.
.......Y............#
######.@................
##)#####........... ..+
#.....=..... #..#
#..........# ####
#....###...# ..... ...#
..... ....


You could see a sky beast.

Vanquished Creatures
  A scorpion (D:4)
  A water moccasin skeleton (D:4)
  A centaur zombie (D:5)
  Jessica (D:2)
  An iguana (D:3)
  A hound skeleton (D:4)
  4 adders
  A gnoll (D:1)
  2 worms
  A dart slug (D:3)
  5 orcs
  7 bats
  8 endoplasms
  2 giant cockroaches
  6 goblins
  5 hobgoblins
  7 jackals
  3 quokkas
  6 ball pythons
  4 frilled lizards
  8 kobolds
  8 rats
83 creatures vanquished.

Notes
Turn   | Place    | Note
-------+----------+-------------------------------------------
     0 | D:1      | ZARRMARR the Deep Elf Air Elementalist began the quest for
                  | the Orb.
     0 | D:1      | Reached XP level 1. HP: 10/10 MP: 6/6
   232 | D:1      | Reached XP level 2. HP: 15/15 MP: 5/8
   901 | D:1      | Reached XP level 3. HP: 8/19 MP: 0/10
  1127 | D:1      | Found a faded altar of an unknown god.
  1270 | D:1      | Learned a level 3 spell: Swiftness
  1703 | D:2      | Noticed Jessica
  1708 | D:2      | Killed Jessica
  1709 | D:2      | Reached skill level 4 in Spellcasting
  1709 | D:2      | Reached XP level 4. HP: 24/24 MP: 7/12
  3166 | D:3      | Found an ornate altar of the Wu Jian Council.
  3765 | D:3      | Reached XP level 5. HP: 28/28 MP: 3/14
  3940 | D:3      | Found a sacrificial altar of Ru.
  4154 | D:3      | Became a worshipper of Ru the Awakened
  4264 | D:4      | Noticed a phantom
  4282 | D:5      | Entered Level 5 of the Dungeon
  4398 | D:5      | Reached skill level 5 in Spellcasting
  4699 | D:4      | Noticed a centaur
  4904 | D:4      | Reached XP level 6. HP: 17/32 MP: 9/16
  5310 | D:4      | You fall into a shaft and drop 2 floors!
  5310 | D:6      | Noticed a sky beast
  5340 | D:6      | Slain by a sky beast

Illustrated notes

Levels and vault maps discovered:
D:1:      dpeg_arrival_brainrot, layout_basic,
          hellmonk_ecumenical_altar_pennies_from_heaven,
          minmay_stone_trees_small, hangedman_glass_teeth
D:2:      layout_basic, uniq_jessica
D:3:      minmay_wonky_spiral, layout_loops_ring, lemuel_tele_altar,
          nicolae_ru_sacrificial_ziggurat, kennysheep_cross_room,
          eino_tiny_chamber
D:4:      layout_cave_pods
D:5:      layout_layer_cave, kennysheep_generic_room_11
D:6:      corexii_shantytown, layout_basic, gammafunk_temple_overflow_forgotten,
          temple_green, serial_shops, nicolae_shop_behind_doors, uniq_duvessa

Skill      XL: |  1  2  3  4  5  6 |
---------------+-------------------+-----
Stealth        | 3 4 |  4.0
Dodging        | 3 4 |  4.0
Spellcasting   | 4 5 |  5.7
Air Magic      | 4 |  4.6
Conjurations   | |  1.1

Action                   |  1- 3 |  4- 6 || total
-------------------------+-------+-------++-------
Melee: Unarmed           |       |     1 ||     1
 Cast: Shock             |    79 |   147 ||   226
       Swiftness         |       |     1 ||     1
  Use: Scroll            |     1 |     5 ||     6
       Potion            |       |     2 ||     2
Armor: Robe              |       |     7 ||     7
Dodge: Dodged            |     8 |    39 ||    47
